 Dungeon Crawl Stone Soup version 0.12.2-15-gdabe59b (webtiles) character file.

2090 Gabry the Covered (level 8, -2/60 (68) HPs)
             Began as a Minotaur Fighter on Aug 9, 2013.
             Was an Elder of Okawaru.
             Slain by a wyvern (6 damage)
             ... on Level 8 of the Dungeon on Aug 10, 2013.
             The game lasted 00:36:29 (5882 turns).

Gabry the Covered (Minotaur Fighter)                Turns: 5882, Time: 00:36:29

HP  -2/60 (68)   AC 11     Str 21      XL: 8   Next: 91%
MP   2/2         EV  9     Int  5      God: Okawaru [****..]
Gold 212         SH 13     Dex 12      Spells:  0 memorised,  7 levels left

Res.Fire  : . . .   See Invis. : +   A - +2,+4 whip
Res.Cold  : . . .   Warding    : .   b - +0 scale mail
Life Prot.: . . .   Conserve   : .   u - +2 dwarf buckler
Res.Poison: .       Res.Corr.  : .   (helmet restricted)
Res.Elec. : .       Clarity    : .   e - +2 elf cloak
Sust.Abil.: . .     Spirit.Shd : .   (no gloves)
Res.Mut.  : .       Stasis     : .   (no boots)
Res.Rott. : .       Ctrl.Telep.: .   a - amulet of faith
Saprovore : . . .   Flight     : .   (no ring)
                                     f - ring of see invisible {unknown}

@: slightly resistant to hostile enchantments, extremely unstealthy
A: retaliatory headbutt, horns 2
a: Heroism, Renounce Religion


You were on level 8 of the Dungeon.
You worshipped Okawaru.
Okawaru was extremely pleased with you.
You were not hungry.

You visited 2 branches of the dungeon, and saw 9 of its levels.

You collected 252 gold pieces.
You spent 60 gold pieces at shops.

Inventory:

Hand weapons
 c - a +0,+0 dagger of speed (quivered)
 g - a +0,+0 elven dagger
 A - a +2,+4 whip (weapon)
Armour
 b - a +0 scale mail (worn)
 e - a +2 elven cloak (worn)
 h - a +0 orcish splint mail
 u - a +2 dwarven buckler (worn)
Magical devices
 m - a wand of frost (0)
Comestibles
 d - 2 bread rations
Scrolls
 i - 2 scrolls of identify
 j - a scroll of remove curse
Jewellery
 a - an amulet of faith (around neck)
 f - a ring of see invisible (left hand) {unknown}
Potions
 n - a potion of magic
 o - a potion of might
Books
 v - a book of Debilitation

   Spells                             Type                      Level
   Corona                             Hexes                        1
   Slow                               Hexes                        2
   Inner Flame                        Hexes/Fire                   3
   Enslavement                        Hexes                        4
   Cause Fear                         Hexes                        4
   Leda's Liquefaction                Hexes/Earth                  4


   Skills:
 + Level 5.5 Fighting
 * Level 5.7 Maces & Flails
 + Level 7.9 Armour
 + Level 5.4 Dodging
 + Level 0.3 Stealth
 + Level 6.5 Shields
 + Level 1.3 Traps


You had 7 spell levels left.
You didn't know any spells.

Dungeon Overview and Level Annotations

Branches:
Dungeon (8/27)             Temple (1/1) D:4
    Orc: D:6-11        Lair: D:8-13

Altars:
Ashenzari
Cheibriados
Elyvilon
Fedhas
Kikubaaqudgha
Makhleb
Nemelex Xobeh
Okawaru
Sif Muna
Trog
Vehumet
Xom
Yredelemnul
the Shining One

Shops:
D:4: ( D:6: ++

Annotations
D:7 Duvessa


Innate Abilities, Weirdness & Mutations

You reflexively headbutt those who attack you in melee.
You have a pair of horns on your head.


Message History

You closely miss the wyvern.
The wyvern is almost dead.
The wyvern bites you!
* * * LOW HITPOINT WARNING * * *
The wyvern misses you. You furiously retaliate!
You headbutt the wyvern.
A hippogriff skeleton comes into view.
You block the wyvern's attack.
You hit the wyvern but do no damage. Your headbutt misses the wyvern.
The wyvern is almost dead.
The wyvern bites you.
* * * LOW HITPOINT WARNING * * *
The wyvern barely misses you. You furiously retaliate!
You headbutt the wyvern.
The wyvern bites you but does no damage.
The wyvern bites you but does no damage.
An orc comes into view. It is wielding an orcish club.
The orc shouts!
The wyvern bites you but does no damage. 2 orcs come into view.
The wyvern bites you.
You die...

.......... ........
........... .......
...#.#.#.#.# #.....
..#.#.#.#.#.###..#.# '#.#
#.#.#.#.##..#.# #.#.#
#.#.#.#......# #
.#.#.#.#.#.#.......#.###.o
#.#.#.#+#.#.#..ZD.........
.#.#.....#.#....@....##.#.
#.#.#....+#.#.........o..
.#.#.....#.#.......#.##.#
#.#.#.#+#.#.#......#.# #
.#.#.#.#.#.#........ .
#.#.#.#.# #.#......#. .
.#'#.#.#.# #..........
....#.#.#.# #........
.....#.#.#.# ...


You could see a wyvern, an orc and a hippogriff skeleton.

Vanquished Creatures
  A hungry ghost (D:7)
  A hippogriff (D:7)
  2 necrophages
  2 ice beasts
  A sky beast (D:6)
  An ogre (D:7)
  A phantom (D:7)
  Sigmund (D:4)
  A giant frog zombie (D:6)
  3 giant frogs
  5 crimson imps
  Dowan (D:7)
  2 goliath beetles (D:6)
  A hound (D:6)
  A scorpion (D:7)
  An orc wizard (D:5)
  4 worker ants
  An adder (D:5)
  An adder zombie (D:5)
  An iguana zombie (D:7)
  An inept feature mimic (D:6)
  A giant mite (D:1)
  An iguana skeleton (D:4)
  2 worms (D:4)
  An ooze (D:3)
  16 orcs
  6 giant cockroaches
  16 goblins
  11 hobgoblins
  9 jackals
  6 quokkas
  12 bats
  3 giant geckos
  7 giant newts
  14 kobolds
  A kobold skeleton (D:6)
  2 orc skeletons (D:7)
  6 rats
147 creatures vanquished.

Vanquished Creatures (others)
  A big fish (D:6)
  A giant newt (D:2)
2 creatures vanquished.

Grand Total: 149 creatures vanquished

Notes
Turn   | Place    | Note
--------------------------------------------------------------
     0 | D:1      | Gabry, the Minotaur Fighter, began the quest for the Orb.
     0 | D:1      | Reached XP level 1. HP: 19/19 MP: 0/0
   140 | D:1      | Reached XP level 2. HP: 26/26 MP: 0/0
   205 | D:1      | Reached skill level 4 in Armour
   576 | D:2      | Reached XP level 3. HP: 30/33 MP: 1/1
  1804 | D:3      | Reached XP level 4. HP: 40/40 MP: 1/1
  2397 | D:4      | Found a staircase to the Ecumenical Temple.
  2408 | Temple   | Entered the Ecumenical Temple
  2444 | Temple   | Became a worshipper of Warmaster Okawaru
  2671 | D:4      | Upgraded the game from 0.12.2-14-g7c90c79 to 0.12.2-15-gdabe59b
  3019 | D:4      | Noticed Sigmund
  3023 | D:4      | Killed Sigmund
  3023 | D:4      | Reached skill level 1 in Dodging
  3023 | D:4      | Reached XP level 5. HP: 35/46 MP: 1/1
  3025 | D:4      | Found Zyumioc's Antique Weapon Emporium.
  3053 | D:4      | Bought a glowing whip for 60 gold pieces
  3283 | D:5      | Entered Level 5 of the Dungeon
  3288 | D:5      | Reached skill level 5 in Armour
  3481 | D:5      | Reached skill level 1 in Traps
  3503 | D:5      | Acquired Okawaru's first power
  3503 | D:5      | Reached XP level 6. HP: 18/53 MP: 2/2
  3651 | D:5      | Found a basalt altar of Yredelemnul.
  3710 | D:5      | Noticed an ice beast
  3772 | D:5      | Killed an ice beast
  3772 | D:5      | Reached skill level 6 in Armour
  3772 | D:5      | Reached skill level 5 in Shields
  4087 | D:6      | Reached XP level 7. HP: 49/60 MP: 2/2
  4164 | D:6      | Found Papsu's Weapon Shop.
  4176 | D:6      | Papsu's Weapon Shop was a mimic.
  4282 | D:6      | Found Kaxucen's Book Emporium.
  4289 | D:6      | Reached skill level 7 in Armour
  4303 | D:6      | Found Gafic's Book Shop.
  4319 | D:6      | Noticed a necrophage
  4329 | D:6      | Killed a necrophage
  4350 | D:6      | Found a shimmering altar of Xom.
  4517 | D:6      | Reached XP level 8. HP: 54/59 MP: 2/2
  4520 | D:6      | Found a white marble altar of Elyvilon.
  4869 | D:7      | Noticed Duvessa
  4870 | D:7      | Noticed Dowan
  5047 | D:7      | Reached skill level 5 in Maces & Flails
  5057 | D:7      | Reached skill level 5 in Fighting
  5408 | D:7      | Reached skill level 5 in Dodging
  5467 | D:7      | Killed Dowan
  5874 | D:8      | HP: 2/60 [wyvern (4)]
  5882 | D:8      | Slain by a wyvern

Action                   |  1- 3 |  4- 6 |  7- 9 || total
-------------------------+-------+-------+-------++-------
Melee: Mace              |   134 |    56 |       ||   190
       Whip              |       |    84 |   266 ||   350
  Use: Potion            |       |     1 |     9 ||    10
       Scroll            |       |       |    18 ||    18
